[ AOE2 MATCH · #458955825 ]
UnrankedMalay vs Mongols
[ REPLAY ANALYSIS · EXTRACTED FROM THE RECORDED GAME ]
Feudal
7:35
Castle
15:36
Imperial
26:29
| APM avg | 47.2 |
| APM peak | 107 |
| eAPM avg | 28.4 |
| Villagers / military | 160 / 241 |
Focus
⚔️ 44.1% · 🌾 55.9%
Archer ×212 · Skirmisher ×13 · Trebuchet (Packed) ×8 · Bombard Cannon ×7 · Spearman ×1
Feudal
11:23
Castle
15:07
Imperial
29:15
| APM avg | 52.0 |
| APM peak | 109 |
| eAPM avg | 26.7 |
| Villagers / military | 263 / 252 |
Focus
⚔️ 43.4% · 🌾 56.6%
Mangudai ×136 · Skirmisher ×108 · Trebuchet (Packed) ×5 · Petard ×2 · Cavalry Archer ×1
Feudal
10:58
Castle
14:31
Imperial
28:11
| APM avg | 31.2 |
| APM peak | 58 |
| eAPM avg | 15.5 |
| Villagers / military | 145 / 333 |
Focus
⚔️ 25.9% · 🌾 74.1%
Bolas Rider ×265 · Kona ×63 · Trade Cart ×59 · Trebuchet (Packed) ×3 · Monk ×2
Feudal
11:04
Castle
14:59
Imperial
30:40
| APM avg | 31.7 |
| APM peak | 63 |
| eAPM avg | 20.6 |
| Villagers / military | 181 / 483 |
Focus
⚔️ 33.4% · 🌾 66.6%
Magyar Huszar ×246 · Cavalry Archer ×181 · Skirmisher ×40 · Trebuchet (Packed) ×16
Feudal
—
Castle
—
Imperial
—
| APM avg | 26.9 |
| APM peak | 70 |
| eAPM avg | 16.1 |
| Villagers / military | 140 / 86 |
Focus
⚔️ 42.2% · 🌾 57.8%
Archer ×83 · Unknown (1942) ×5 · Battering Ram ×3
Feudal
10:56
Castle
14:28
Imperial
27:29
| APM avg | 45.0 |
| APM peak | 95 |
| eAPM avg | 28.7 |
| Villagers / military | 205 / 535 |
Focus
⚔️ 45.5% · 🌾 54.5%
Spearman ×386 · Scorpion ×71 · Boyar ×47 · Battering Ram ×24 · Militia ×5 · Monk ×2
Feudal
10:31
Castle
14:08
Imperial
28:33
| APM avg | 32.8 |
| APM peak | 65 |
| eAPM avg | 20.3 |
| Villagers / military | 156 / 496 |
Focus
⚔️ 31.2% · 🌾 68.8%
Leitis ×469 · Trebuchet (Packed) ×25 · Monk ×2
Feudal
10:35
Castle
14:07
Imperial
29:15
| APM avg | 50.5 |
| APM peak | 93 |
| eAPM avg | 35.6 |
| Villagers / military | 158 / 516 |
Focus
⚔️ 55.9% · 🌾 44.1%
Spearman ×465 · Unknown (2579) ×58 · Unknown (2582) ×46 · Skirmisher ×40 · Trebuchet (Packed) ×10 · Mangonel ×1
Match map
Initial resources + every placement click. Lines = walls · curves = elevation contours. ◆ gold · ⬟ stone · ● berries · ✦ relic · ◌ wall gap
Your base· Open — unwalled flank
zzzzz's base· Open — unwalled flank
小J's base· Open — unwalled flank
Don't abandon the alliance.'s base· Open — unwalled flank
OmegaJ256's base· Open — unwalled flank
PIGGY FOR AGE's base· Open — unwalled flank
47_chu_VOI_con's base· Open — unwalled flank
shenxu's base· Open — unwalled flank
Smoothed initial terrain · ◌ = detected wall gap · hover for details
Inputs per minute
— 别西卜 - - zzzzz
Build order — 别西卜
First 150 of 517 actions detected
| 0:01 | Create | Villager (Male) |
| 0:01 | Create | Villager (Male) |
| 0:02 | Create | Villager (Male) |
| 0:02 | Create | Villager (Male) |
| 0:03 | Build | House |
| 0:04 | Build | House |
| 1:41 | Create | Villager (Male) |
| 1:42 | Create | Villager (Male) |
| 1:56 | Create | Villager (Male) |
| 2:17 | Build | Lumber Camp |
| 2:23 | Create | Villager (Male) |
| 2:24 | Create | Villager (Male) |
| 2:45 | Create | Villager (Male) |
| 2:45 | Create | Villager (Male) |
| 3:05 | Create | Villager (Male) |
| 3:05 | Create | Villager (Male) |
| 3:19 | Create | Villager (Male) |
| 3:19 | Create | Villager (Male) |
| 3:30 | Create | Villager (Male) |
| 3:51 | Build | House |
| 3:55 | Create | Villager (Male) |
| 3:55 | Create | Villager (Male) |
| 3:55 | Create | Villager (Male) |
| 4:11 | Create | Villager (Male) |
| 4:11 | Create | Villager (Male) |
| 5:04 | Build | Mill |
| 5:50 | Create | Villager (Male) |
| 6:15 | Research | Feudal Age |
| 6:15 | Research | Feudal Age |
| 6:41 | Build | House |
| 7:29 | Create | Villager (Male) |
| 7:30 | Create | Villager (Male) |
| 7:35 | Age | Feudal Age |
| 7:35 | Research | Double-Bit Axe |
| 7:35 | Research | Double-Bit Axe |
| 7:44 | Research | Horse Collar |
| 7:44 | Research | Horse Collar |
| 7:58 | Create | Villager (Male) |
| 8:10 | Build | Farm |
| 8:17 | Create | Villager (Male) |
| 8:21 | Build | Farm |
| 8:32 | Build | House |
| 8:42 | Create | Villager (Male) |
| 8:51 | Build | Farm |
| 9:01 | Create | Villager (Male) |
| 9:22 | Build | Farm |
| 9:24 | Create | Villager (Male) |
| 9:41 | Create | Villager (Male) |
| 10:04 | Build | Farm |
| 10:06 | Create | Villager (Male) |
| 10:11 | Build | Farm |
| 10:14 | Create | Villager (Male) |
| 10:40 | Build | House |
| 10:51 | Build | Mining Camp |
| 10:53 | Create | Villager (Male) |
| 11:06 | Create | Villager (Male) |
| 11:13 | Build | House |
| 11:41 | Build | House |
| 12:00 | Build | Market |
| 12:11 | Create | Villager (Male) |
| 12:26 | Build | Blacksmith |
| 12:31 | Research | Wheelbarrow |
| 13:01 | Build | Lumber Camp |
| 13:07 | Build | House |
| 13:23 | Build | Farm |
| 13:33 | Build | Farm |
| 13:45 | Build | House |
| 14:01 | Research | Castle Age |
| 14:01 | Research | Castle Age |
| 14:08 | Build | Farm |
| 14:10 | Build | Farm |
| 14:15 | Build | House |
| 15:15 | Create | Villager (Male) |
| 15:15 | Create | Villager (Male) |
| 15:36 | Age | Castle Age |
| 15:40 | Build | Town Center |
| 15:58 | Create | Villager (Male) |
| 16:03 | Build | Town Center |
| 16:20 | Research | Bow Saw |
| 16:20 | Research | Bow Saw |
| 16:29 | Create | Villager (Male) |
| 16:31 | Build | Farm |
| 16:52 | Create | Villager (Male) |
| 16:56 | Research | Heavy Plow |
| 16:56 | Research | Heavy Plow |
| 17:04 | Create | Villager (Male) |
| 17:07 | Create | Villager (Male) |
| 17:24 | Create | Villager (Male) |
| 17:25 | Create | Villager (Male) |
| 17:31 | Create | Villager (Male) |
| 17:34 | Build | Farm |
| 17:35 | Build | Farm |
| 17:38 | Create | Villager (Male) |
| 17:42 | Create | Villager (Male) |
| 17:42 | Research | Loom |
| 17:48 | Build | Farm |
| 17:51 | Build | Farm |
| 17:52 | Build | Farm |
| 17:56 | Create | Villager (Male) |
| 17:57 | Create | Villager (Male) |
| 18:04 | Build | Farm |
| 18:05 | Build | Farm |
| 18:13 | Create | Villager (Male) |
| 18:16 | Build | Farm |
| 18:26 | Create | Villager (Male) |
| 18:36 | Create | Villager (Male) |
| 18:41 | Build | Farm |
| 18:47 | Build | Town Center |
| 18:51 | Create | Villager (Male) |
| 18:54 | Create | Villager (Male) |
| 18:55 | Create | Villager (Male) |
| 18:55 | Create | Villager (Male) |
| 19:00 | Build | House |
| 19:01 | Build | House |
| 19:05 | Build | Farm |
| 19:10 | Build | Farm |
| 19:16 | Create | Villager (Male) |
| 19:17 | Build | Farm |
| 19:19 | Create | Villager (Male) |
| 19:20 | Create | Villager (Male) |
| 19:29 | Build | Farm |
| 19:34 | Build | Farm |
| 19:36 | Create | Villager (Male) |
| 19:38 | Create | Villager (Male) |
| 19:49 | Build | Farm |
| 19:53 | Create | Villager (Male) |
| 19:57 | Build | Farm |
| 19:58 | Build | Farm |
| 20:00 | Build | House |
| 20:01 | Create | Villager (Male) |
| 20:08 | Build | Farm |
| 20:09 | Create | Villager (Male) |
| 20:15 | Build | Farm |
| 20:18 | Create | Villager (Male) |
| 20:23 | Build | Farm |
| 20:23 | Build | Farm |
| 20:24 | Create | Villager (Male) |
| 20:24 | Create | Villager (Male) |
| 20:27 | Create | Villager (Male) |
| 20:37 | Build | Farm |
| 20:42 | Build | Farm |
| 20:45 | Create | Villager (Male) |
| 20:45 | Create | Villager (Male) |
| 20:46 | Build | House |
| 20:50 | Build | House |
| 20:51 | Create | Villager (Male) |
| 20:51 | Create | Villager (Male) |
| 20:55 | Create | Villager (Male) |
| 20:58 | Create | Villager (Male) |
| 21:02 | Create | Villager (Male) |
Build order — zzzzz
First 150 of 647 actions detected
| 0:00 | Create | Villager (Male) |
| 0:01 | Create | Villager (Male) |
| 0:02 | Build | House |
| 0:03 | Build | House |
| 0:14 | Create | Villager (Male) |
| 0:14 | Create | Villager (Male) |
| 0:14 | Create | Villager (Male) |
| 1:26 | Create | Villager (Male) |
| 1:53 | Create | Villager (Male) |
| 1:53 | Create | Villager (Male) |
| 2:25 | Create | Villager (Male) |
| 2:25 | Create | Villager (Male) |
| 2:26 | Create | Villager (Male) |
| 3:05 | Create | Villager (Male) |
| 3:05 | Create | Villager (Male) |
| 3:10 | Build | Lumber Camp |
| 3:14 | Create | Villager (Male) |
| 3:14 | Create | Villager (Male) |
| 4:02 | Build | House |
| 4:05 | Create | Villager (Male) |
| 4:06 | Create | Villager (Male) |
| 4:06 | Create | Villager (Male) |
| 4:12 | Create | Villager (Male) |
| 4:12 | Create | Villager (Male) |
| 4:12 | Create | Villager (Male) |
| 4:21 | Create | Villager (Male) |
| 4:21 | Create | Villager (Male) |
| 4:21 | Create | Villager (Male) |
| 4:24 | Create | Villager (Male) |
| 4:24 | Create | Villager (Male) |
| 4:40 | Build | House |
| 4:41 | Build | Palisade Wall |
| 4:45 | Create | Villager (Male) |
| 4:45 | Create | Villager (Male) |
| 5:12 | Create | Villager (Male) |
| 5:14 | Create | Villager (Male) |
| 5:17 | Create | Villager (Male) |
| 5:17 | Create | Villager (Male) |
| 5:33 | Build | Mill |
| 5:53 | Create | Villager (Male) |
| 5:53 | Create | Villager (Male) |
| 5:59 | Create | Villager (Male) |
| 6:00 | Create | Villager (Male) |
| 6:00 | Create | Villager (Male) |
| 6:29 | Create | Villager (Male) |
| 6:29 | Create | Villager (Male) |
| 6:35 | Create | Villager (Male) |
| 6:39 | Create | Villager (Male) |
| 6:40 | Create | Villager (Male) |
| 6:58 | Create | Villager (Male) |
| 7:09 | Create | Villager (Male) |
| 7:09 | Create | Villager (Male) |
| 7:19 | Create | Villager (Male) |
| 7:36 | Build | Mining Camp |
| 7:43 | Research | Feudal Age |
| 7:58 | Create | Villager (Male) |
| 8:15 | Create | Villager (Male) |
| 8:29 | Build | House |
| 8:33 | Create | Villager (Male) |
| 8:52 | Build | Mining Camp |
| 8:53 | Research | Feudal Age |
| 8:53 | Research | Feudal Age |
| 8:56 | Create | Villager (Male) |
| 9:31 | Create | Villager (Male) |
| 9:46 | Create | Villager (Male) |
| 11:23 | Age | Feudal Age |
| 11:26 | Build | Market |
| 11:33 | Create | Villager (Male) |
| 11:38 | Build | Blacksmith |
| 11:58 | Research | Double-Bit Axe |
| 11:58 | Research | Horse Collar |
| 11:59 | Research | Horse Collar |
| 12:27 | Research | Castle Age |
| 12:27 | Research | Castle Age |
| 12:31 | Build | Farm |
| 12:34 | Build | Farm |
| 12:36 | Build | Farm |
| 13:04 | Build | Farm |
| 13:07 | Build | Farm |
| 13:15 | Build | House |
| 14:08 | Build | Farm |
| 14:12 | Build | House |
| 14:15 | Build | Stone Wall |
| 14:21 | Create | Villager (Male) |
| 14:32 | Create | Villager (Male) |
| 14:37 | Create | Villager (Male) |
| 14:57 | Build | Farm |
| 15:07 | Age | Castle Age |
| 15:08 | Create | Villager (Male) |
| 15:15 | Build | Town Center |
| 15:16 | Create | Villager (Male) |
| 15:32 | Create | Villager (Male) |
| 15:35 | Research | Bow Saw |
| 15:37 | Create | Villager (Male) |
| 15:40 | Create | Villager (Male) |
| 15:54 | Create | Villager (Male) |
| 15:56 | Create | Villager (Male) |
| 15:56 | Create | Villager (Male) |
| 16:10 | Create | Villager (Male) |
| 16:21 | Build | Town Center |
| 16:22 | Create | Villager (Male) |
| 16:32 | Create | Villager (Male) |
| 16:35 | Build | Farm |
| 16:38 | Create | Villager (Male) |
| 16:39 | Create | Villager (Male) |
| 16:43 | Create | Villager (Male) |
| 16:48 | Create | Villager (Male) |
| 16:49 | Create | Villager (Male) |
| 16:55 | Create | Villager (Male) |
| 16:56 | Create | Villager (Male) |
| 17:00 | Build | Farm |
| 17:04 | Create | Villager (Male) |
| 17:10 | Create | Villager (Male) |
| 17:15 | Create | Villager (Male) |
| 17:17 | Build | Farm |
| 17:22 | Build | Farm |
| 17:25 | Create | Villager (Male) |
| 17:29 | Create | Villager (Male) |
| 17:30 | Create | Villager (Male) |
| 17:34 | Create | Villager (Male) |
| 17:38 | Create | Villager (Male) |
| 17:42 | Create | Villager (Male) |
| 17:47 | Create | Villager (Male) |
| 17:51 | Build | Farm |
| 17:55 | Build | Farm |
| 18:01 | Create | Villager (Male) |
| 18:02 | Create | Villager (Male) |
| 18:10 | Create | Villager (Male) |
| 18:12 | Build | Castle |
| 18:20 | Create | Villager (Male) |
| 18:21 | Create | Villager (Male) |
| 18:24 | Build | Farm |
| 18:26 | Create | Villager (Male) |
| 18:27 | Create | Villager (Male) |
| 18:35 | Create | Villager (Male) |
| 18:39 | Build | Farm |
| 18:52 | Build | Monastery |
| 19:02 | Build | Farm |
| 19:03 | Create | Villager (Male) |
| 19:09 | Create | Villager (Male) |
| 19:09 | Create | Villager (Male) |
| 19:14 | Create | Villager (Male) |
| 19:18 | Build | Farm |
| 19:19 | Build | Farm |
| 19:22 | Build | Farm |
| 19:25 | Create | Villager (Male) |
| 19:26 | Create | Villager (Male) |
| 19:29 | Create | Villager (Male) |
| 19:44 | Build | Farm |
| 19:45 | Build | Farm |
Build order — 小J
First 150 of 395 actions detected
| 0:03 | Create | Villager (Male) ×4 |
| 0:03 | Create | Villager (Male) ×4 |
| 0:06 | Build | House |
| 0:08 | Build | House |
| 1:30 | Create | Villager (Male) |
| 1:30 | Create | Villager (Male) |
| 1:53 | Create | Villager (Male) |
| 1:54 | Create | Villager (Male) |
| 2:22 | Build | Settlement |
| 2:28 | Create | Villager (Male) |
| 2:29 | Create | Villager (Male) |
| 2:29 | Create | Villager (Male) |
| 2:39 | Create | Villager (Male) |
| 2:40 | Create | Villager (Male) |
| 3:27 | Create | Villager (Male) |
| 3:27 | Create | Villager (Male) |
| 3:27 | Create | Villager (Male) |
| 3:52 | Build | House |
| 3:53 | Build | House |
| 4:13 | Build | House |
| 4:37 | Create | Villager (Male) |
| 4:37 | Create | Villager (Male) |
| 4:37 | Create | Villager (Male) |
| 4:38 | Create | Villager (Male) |
| 4:38 | Create | Villager (Male) |
| 5:18 | Build | Settlement |
| 5:28 | Create | Villager (Male) |
| 5:28 | Create | Villager (Male) |
| 5:28 | Create | Villager (Male) |
| 5:29 | Create | Villager (Male) |
| 6:19 | Create | Villager (Male) |
| 6:19 | Create | Villager (Male) |
| 7:07 | Create | Villager (Male) |
| 7:07 | Create | Villager (Male) |
| 7:17 | Build | Farm |
| 8:41 | Build | Settlement |
| 8:45 | Research | Feudal Age |
| 9:04 | Create | Villager (Male) |
| 9:04 | Create | Villager (Male) |
| 9:32 | Build | Farm |
| 10:58 | Age | Feudal Age |
| 11:00 | Build | Market |
| 11:02 | Build | Blacksmith |
| 11:04 | Build | House |
| 11:33 | Research | Double-Bit Axe |
| 11:51 | Research | Castle Age |
| 11:55 | Research | Horse Collar |
| 12:27 | Create | Villager (Male) |
| 12:27 | Create | Villager (Male) |
| 12:45 | Build | Farm |
| 12:49 | Build | Farm |
| 14:31 | Age | Castle Age |
| 14:33 | Build | Town Center |
| 14:36 | Build | Town Center |
| 14:41 | Build | Monastery |
| 14:46 | Create | Villager (Male) |
| 15:03 | Research | Heavy Plow |
| 15:07 | Research | Bow Saw |
| 15:14 | Create | Villager (Male) |
| 15:20 | Build | Farm |
| 15:36 | Build | Farm |
| 15:38 | Create | Villager (Male) |
| 15:54 | Create | Villager (Male) |
| 16:00 | Research | Heavy Plow |
| 16:04 | Create | Monk |
| 16:09 | Create | Villager (Male) |
| 16:12 | Create | Villager (Male) |
| 16:13 | Create | Villager (Male) |
| 16:24 | Build | Farm |
| 16:25 | Build | Farm |
| 16:30 | Create | Villager (Male) |
| 16:34 | Build | House |
| 16:35 | Build | House |
| 16:37 | Create | Monk |
| 16:41 | Build | Farm |
| 16:48 | Build | Farm |
| 16:51 | Create | Villager (Male) |
| 17:04 | Build | Farm |
| 17:05 | Build | Farm |
| 17:10 | Create | Villager (Male) |
| 17:13 | Build | House |
| 17:14 | Build | House |
| 17:23 | Build | Farm |
| 17:38 | Create | Villager (Male) |
| 17:39 | Create | Villager (Male) |
| 18:09 | Create | Villager (Male) |
| 18:10 | Create | Villager (Male) |
| 18:15 | Build | Town Center |
| 18:20 | Build | Farm |
| 18:31 | Build | Farm |
| 18:32 | Build | Farm |
| 18:46 | Create | Villager (Male) |
| 18:47 | Create | Villager (Male) |
| 18:48 | Create | Villager (Male) |
| 19:05 | Create | Villager (Male) |
| 19:06 | Create | Villager (Male) |
| 19:10 | Build | Farm |
| 19:15 | Create | Villager (Male) |
| 19:20 | Build | Farm |
| 19:21 | Build | Farm |
| 19:21 | Build | Farm |
| 19:21 | Build | Farm |
| 19:21 | Build | Farm |
| 19:25 | Build | Farm |
| 19:33 | Build | House |
| 19:33 | Build | House |
| 19:34 | Build | House |
| 19:38 | Create | Villager (Male) |
| 19:39 | Create | Villager (Male) |
| 19:40 | Create | Villager (Male) |
| 19:47 | Build | Farm |
| 19:50 | Build | Farm |
| 19:59 | Create | Villager (Male) |
| 20:00 | Create | Villager (Male) |
| 20:01 | Create | Villager (Male) |
| 20:09 | Build | Farm |
| 20:10 | Build | Farm |
| 20:11 | Build | Farm |
| 20:14 | Build | Farm |
| 20:18 | Create | Villager (Male) |
| 20:22 | Build | House |
| 20:23 | Build | House |
| 20:34 | Create | Villager (Male) |
| 20:34 | Create | Villager (Male) |
| 20:35 | Create | Villager (Male) |
| 20:38 | Create | Villager (Male) |
| 20:39 | Create | Villager (Male) |
| 20:43 | Create | Villager (Male) |
| 20:51 | Build | University |
| 20:52 | Build | House |
| 21:02 | Create | Villager (Male) |
| 21:02 | Create | Villager (Male) |
| 21:03 | Create | Villager (Male) |
| 21:06 | Build | Farm |
| 21:07 | Build | Farm |
| 21:09 | Build | Farm |
| 21:20 | Create | Villager (Male) |
| 21:21 | Create | Villager (Male) |
| 21:22 | Create | Villager (Male) |
| 21:23 | Create | Villager (Male) |
| 21:33 | Build | Farm |
| 21:34 | Build | Farm |
| 21:51 | Build | Town Center |
| 21:53 | Create | Villager (Male) |
| 21:54 | Create | Villager (Male) |
| 21:55 | Create | Villager (Male) |
| 21:56 | Research | Wheelbarrow |
| 22:00 | Build | House |
| 22:01 | Build | House |
| 22:02 | Build | House |
Build order — Don't abandon the alliance.
First 150 of 528 actions detected
| 0:02 | Create | Villager (Male) |
| 0:03 | Create | Villager (Male) |
| 0:03 | Create | Villager (Male) |
| 0:05 | Build | House |
| 0:10 | Build | House |
| 0:13 | Build | House |
| 0:20 | Create | Villager (Male) |
| 0:20 | Create | Villager (Male) |
| 1:43 | Create | Villager (Male) |
| 1:43 | Create | Villager (Male) |
| 2:09 | Create | Villager (Male) |
| 2:09 | Create | Villager (Male) |
| 2:38 | Create | Villager (Male) |
| 2:39 | Create | Villager (Male) |
| 3:03 | Create | Villager (Male) |
| 3:03 | Create | Villager (Male) |
| 3:21 | Create | Villager (Male) |
| 3:22 | Create | Villager (Male) |
| 3:30 | Build | House |
| 3:48 | Create | Villager (Male) |
| 3:48 | Create | Villager (Male) |
| 3:48 | Create | Villager (Male) |
| 4:06 | Build | Lumber Camp |
| 4:13 | Create | Villager (Male) |
| 4:13 | Create | Villager (Male) |
| 4:14 | Create | Villager (Male) |
| 4:45 | Create | Villager (Male) |
| 4:45 | Create | Villager (Male) |
| 4:46 | Create | Villager (Male) |
| 5:44 | Create | Villager (Male) |
| 5:44 | Create | Villager (Male) |
| 5:44 | Create | Villager (Male) |
| 5:56 | Build | Mill |
| 6:22 | Create | Villager (Male) |
| 6:25 | Create | Villager (Male) |
| 6:26 | Create | Villager (Male) |
| 6:53 | Build | Farm |
| 6:57 | Build | Farm |
| 7:06 | Create | Villager (Male) |
| 7:06 | Create | Villager (Male) |
| 7:06 | Create | Villager (Male) |
| 7:31 | Create | Villager (Male) |
| 7:31 | Create | Villager (Male) |
| 7:32 | Create | Villager (Male) |
| 8:54 | Research | Feudal Age |
| 8:54 | Research | Feudal Age |
| 10:01 | Build | House |
| 10:10 | Build | House |
| 10:30 | Create | Villager (Male) |
| 10:30 | Create | Villager (Male) |
| 10:33 | Create | Villager (Male) |
| 11:04 | Age | Feudal Age |
| 11:10 | Build | Blacksmith |
| 11:15 | Build | Market |
| 12:11 | Build | House |
| 12:14 | Build | House |
| 12:19 | Research | Castle Age |
| 12:19 | Research | Castle Age |
| 12:30 | Research | Double-Bit Axe |
| 12:30 | Research | Double-Bit Axe |
| 12:52 | Research | Horse Collar |
| 12:52 | Research | Horse Collar |
| 13:19 | Build | Farm |
| 13:33 | Build | Farm |
| 13:34 | Build | Farm |
| 13:40 | Build | Farm |
| 13:44 | Create | Villager (Male) |
| 13:44 | Create | Villager (Male) |
| 14:59 | Age | Castle Age |
| 15:04 | Build | Town Center |
| 15:08 | Build | Town Center |
| 15:22 | Research | Bow Saw |
| 15:23 | Research | Heavy Plow |
| 15:23 | Research | Heavy Plow |
| 15:48 | Create | Villager (Male) |
| 15:53 | Build | Farm |
| 15:56 | Build | Farm |
| 16:19 | Create | Villager (Male) |
| 16:19 | Create | Villager (Male) |
| 16:19 | Create | Villager (Male) |
| 16:32 | Create | Villager (Male) |
| 16:32 | Create | Villager (Male) |
| 16:34 | Build | Farm |
| 16:37 | Build | Farm |
| 16:40 | Build | Farm |
| 16:41 | Build | Farm |
| 16:43 | Build | Farm |
| 16:47 | Build | Farm |
| 16:51 | Create | Villager (Male) |
| 16:54 | Build | Farm |
| 17:01 | Create | Villager (Male) |
| 17:01 | Create | Villager (Male) |
| 17:01 | Create | Villager (Male) |
| 17:08 | Build | Farm |
| 17:13 | Build | Farm |
| 17:14 | Create | Villager (Male) |
| 17:14 | Create | Villager (Male) |
| 17:24 | Build | Farm |
| 17:27 | Create | Villager (Male) |
| 17:27 | Create | Villager (Male) |
| 17:38 | Create | Villager (Male) |
| 17:39 | Create | Villager (Male) |
| 17:45 | Build | Farm |
| 17:53 | Build | Farm |
| 17:55 | Build | Farm |
| 17:57 | Create | Villager (Male) |
| 17:57 | Create | Villager (Male) |
| 17:57 | Create | Villager (Male) |
| 18:08 | Build | Farm |
| 18:10 | Create | Villager (Male) |
| 18:10 | Create | Villager (Male) |
| 18:20 | Create | Villager (Male) |
| 18:20 | Create | Villager (Male) |
| 18:27 | Create | Villager (Male) |
| 18:27 | Create | Villager (Male) |
| 18:32 | Build | Farm |
| 18:38 | Build | House |
| 18:40 | Create | Villager (Male) |
| 18:42 | Create | Villager (Male) |
| 18:42 | Create | Villager (Male) |
| 18:57 | Create | Villager (Male) |
| 18:57 | Create | Villager (Male) |
| 18:57 | Create | Villager (Male) |
| 18:57 | Create | Villager (Male) |
| 19:04 | Build | Farm |
| 19:10 | Build | Farm |
| 19:11 | Build | Farm |
| 19:12 | Build | Farm |
| 19:14 | Create | Villager (Male) |
| 19:14 | Create | Villager (Male) |
| 19:14 | Create | Villager (Male) |
| 19:14 | Create | Villager (Male) |
| 19:19 | Build | House |
| 19:23 | Create | Villager (Male) |
| 19:23 | Create | Villager (Male) |
| 19:33 | Create | Villager (Male) |
| 19:33 | Create | Villager (Male) |
| 19:33 | Create | Villager (Male) |
| 19:34 | Create | Villager (Male) |
| 19:40 | Build | Town Center |
| 19:48 | Build | Farm |
| 19:51 | Build | Farm |
| 19:58 | Build | Farm |
| 20:02 | Create | Villager (Male) |
| 20:02 | Create | Villager (Male) |
| 20:03 | Create | Villager (Male) |
| 20:03 | Create | Villager (Male) |
| 20:06 | Build | House |
| 20:10 | Build | Farm |
| 20:22 | Create | Villager (Male) |
Build order — OmegaJ256
First 150 of 337 actions detected
| 0:01 | Create | Villager (Male) |
| 0:03 | Build | House |
| 0:04 | Build | House |
| 0:05 | Create | Villager (Male) |
| 0:07 | Create | Villager (Male) |
| 0:13 | Create | Villager (Male) |
| 0:14 | Create | Villager (Male) |
| 1:29 | Create | Villager (Male) |
| 1:53 | Build | Lumber Camp |
| 1:53 | Create | Villager (Male) |
| 2:23 | Create | Villager (Male) |
| 2:54 | Create | Villager (Male) |
| 3:05 | Create | Villager (Male) |
| 3:40 | Create | Villager (Male) |
| 3:53 | Build | House |
| 3:54 | Build | House |
| 3:55 | Build | House |
| 3:55 | Build | House |
| 3:57 | Create | Villager (Male) |
| 4:32 | Create | Villager (Male) |
| 4:37 | Create | Villager (Male) |
| 4:50 | Create | Villager (Male) |
| 5:05 | Build | Mill |
| 5:20 | Create | Villager (Male) |
| 5:22 | Create | Villager (Male) |
| 5:22 | Create | Villager (Male) |
| 6:35 | Create | Villager (Male) |
| 6:39 | Create | Villager (Male) |
| 7:51 | Build | Farm |
| 7:54 | Build | Farm |
| 8:05 | Create | Villager (Male) |
| 8:12 | Create | Villager (Male) |
| 8:13 | Create | Villager (Male) |
| 8:34 | Build | Mining Camp |
| 8:47 | Research | Feudal Age |
| 9:27 | Create | Villager (Male) |
| 9:27 | Create | Villager (Male) |
| 9:50 | Build | Barracks |
| 11:31 | Build | Archery Range |
| 11:33 | Build | Blacksmith |
| 11:37 | Research | Double-Bit Axe |
| 12:12 | Research | Gold Mining |
| 12:23 | Create | Archer |
| 12:24 | Research | Castle Age |
| 12:34 | Research | Horse Collar |
| 12:48 | Build | Farm |
| 12:52 | Create | Archer |
| 12:52 | Create | Villager (Male) |
| 12:58 | Build | Farm |
| 13:02 | Build | Farm |
| 13:14 | Build | Farm |
| 13:28 | Create | Archer |
| 13:32 | Research | Fletching |
| 13:45 | Create | Villager (Male) |
| 13:55 | Create | Archer |
| 13:57 | Create | Villager (Male) |
| 14:23 | Create | Villager (Male) |
| 14:38 | Create | Archer |
| 15:07 | Build | Town Center |
| 15:08 | Create | Villager (Male) |
| 15:11 | Research | Bow Saw |
| 15:34 | Create | Villager (Male) |
| 15:46 | Create | Villager (Male) |
| 15:58 | Build | House |
| 16:19 | Build | Town Center |
| 16:20 | Create | Villager (Male) |
| 16:25 | Create | Villager (Male) |
| 16:29 | Create | Archer |
| 16:32 | Create | Villager (Male) |
| 16:35 | Create | Villager (Male) |
| 16:38 | Create | Villager (Male) |
| 16:39 | Create | Archer |
| 16:44 | Research | Wheelbarrow |
| 16:45 | Create | Villager (Male) |
| 16:47 | Create | Villager (Male) |
| 16:52 | Create | Villager (Male) |
| 16:54 | Research | Wheelbarrow |
| 16:56 | Create | Villager (Male) |
| 16:57 | Create | Archer |
| 17:01 | Create | Villager (Male) |
| 17:05 | Create | Villager (Male) |
| 17:14 | Build | Farm |
| 17:15 | Create | Villager (Male) |
| 17:18 | Build | House |
| 17:19 | Create | Archer |
| 17:23 | Create | Villager (Male) |
| 17:25 | Build | Farm |
| 17:28 | Create | Villager (Male) |
| 17:36 | Build | Farm |
| 17:37 | Create | Villager (Male) |
| 17:39 | Create | Villager (Male) |
| 17:41 | Create | Villager (Male) |
| 17:45 | Build | Farm |
| 17:45 | Create | Villager (Male) |
| 17:50 | Build | Farm |
| 17:51 | Create | Archer |
| 17:51 | Create | Villager (Male) |
| 18:02 | Build | Farm |
| 18:03 | Create | Villager (Male) |
| 18:11 | Create | Villager (Male) |
| 18:14 | Create | Villager (Male) |
| 18:17 | Build | Farm |
| 18:17 | Create | Villager (Male) |
| 18:18 | Create | Archer |
| 18:20 | Build | House |
| 18:25 | Build | Farm |
| 18:27 | Create | Villager (Male) |
| 18:31 | Build | Farm |
| 18:33 | Create | Villager (Male) |
| 18:34 | Create | Archer |
| 18:45 | Build | Farm |
| 18:46 | Create | Villager (Male) |
| 18:52 | Create | Archer |
| 18:54 | Create | Archer |
| 19:00 | Build | House |
| 19:01 | Create | Villager (Male) |
| 19:02 | Create | Villager (Male) |
| 19:05 | Build | Farm |
| 19:08 | Build | Farm |
| 19:08 | Create | Villager (Male) |
| 19:10 | Build | Farm |
| 19:12 | Create | Archer |
| 19:15 | Create | Villager (Male) |
| 19:21 | Build | Mining Camp |
| 19:22 | Create | Villager (Male) |
| 19:24 | Create | Archer |
| 19:27 | Create | Archer |
| 19:31 | Create | Villager (Male) |
| 19:37 | Build | Farm |
| 19:37 | Create | Villager (Male) |
| 19:39 | Build | Farm |
| 19:39 | Create | Villager (Male) |
| 19:41 | Create | Archer |
| 19:45 | Create | Villager (Male) |
| 19:46 | Create | Archer |
| 19:48 | Build | House |
| 19:48 | Create | Villager (Male) |
| 19:49 | Create | Archer |
| 19:57 | Create | Villager (Male) |
| 19:59 | Create | Archer |
| 20:02 | Build | House |
| 20:08 | Create | Villager (Male) |
| 20:13 | Create | Villager (Male) |
| 20:15 | Build | Farm |
| 20:15 | Create | Villager (Male) |
| 20:16 | Create | Archer |
| 20:20 | Create | Villager (Male) |
| 20:25 | Create | Villager (Male) |
| 20:30 | Create | Villager (Male) |
| 20:32 | Create | Archer |
Build order — PIGGY FOR AGE
First 150 of 581 actions detected
| 0:01 | Create | Villager (Male) ×4 |
| 0:01 | Create | Villager (Male) ×4 |
| 0:02 | Build | House |
| 0:03 | Build | House |
| 1:30 | Create | Villager (Male) |
| 1:49 | Build | Lumber Camp |
| 1:57 | Create | Villager (Male) |
| 2:25 | Create | Villager (Male) |
| 2:25 | Create | Villager (Male) |
| 2:55 | Create | Villager (Male) |
| 2:55 | Create | Villager (Male) |
| 2:56 | Create | Villager (Male) |
| 3:31 | Build | House |
| 3:37 | Create | Villager (Male) |
| 3:44 | Create | Villager (Male) |
| 3:44 | Create | Villager (Male) |
| 3:53 | Build | Mill |
| 4:12 | Create | Villager (Male) ×2 |
| 4:12 | Create | Villager (Male) ×2 |
| 4:30 | Create | Villager (Male) |
| 5:30 | Build | House |
| 5:39 | Create | Villager (Male) ×3 |
| 6:15 | Create | Villager (Male) |
| 7:30 | Create | Villager (Male) |
| 7:30 | Create | Villager (Male) |
| 7:35 | Create | Villager (Male) |
| 8:45 | Research | Feudal Age |
| 9:53 | Build | House |
| 10:40 | Create | Villager (Male) |
| 10:40 | Create | Villager (Male) |
| 10:56 | Age | Feudal Age |
| 10:57 | Build | Market |
| 10:59 | Build | Blacksmith |
| 11:05 | Research | Double-Bit Axe |
| 11:06 | Research | Horse Collar |
| 11:20 | Build | Farm |
| 11:48 | Research | Castle Age |
| 12:01 | Build | Farm |
| 12:16 | Build | Farm |
| 12:24 | Build | Farm |
| 12:36 | Build | Farm |
| 13:23 | Research | Wheelbarrow |
| 14:15 | Build | Farm |
| 14:28 | Age | Castle Age |
| 14:36 | Build | Town Center |
| 14:38 | Build | Barracks |
| 14:44 | Build | Town Center |
| 14:45 | Research | Bow Saw |
| 15:15 | Build | Farm |
| 15:35 | Create | Villager (Male) |
| 15:39 | Create | Villager (Male) |
| 15:39 | Create | Villager (Male) |
| 15:40 | Create | Villager (Male) |
| 15:42 | Build | Farm |
| 15:43 | Build | Farm |
| 15:44 | Create | Villager (Male) |
| 15:51 | Build | Farm |
| 15:53 | Build | Farm |
| 15:57 | Create | Villager (Male) |
| 16:02 | Build | House |
| 16:07 | Build | Farm |
| 16:13 | Build | Farm |
| 16:21 | Create | Villager (Male) |
| 16:22 | Create | Villager (Male) |
| 16:25 | Create | Villager (Male) |
| 16:25 | Create | Villager (Male) |
| 16:30 | Build | Farm |
| 16:34 | Build | Farm |
| 16:37 | Build | Farm |
| 16:38 | Build | Farm |
| 16:41 | Create | Villager (Male) |
| 16:41 | Create | Villager (Male) |
| 16:49 | Build | House |
| 16:50 | Create | Villager (Male) |
| 16:50 | Create | Villager (Male) |
| 16:56 | Create | Villager (Male) |
| 16:56 | Create | Villager (Male) |
| 17:04 | Create | Villager (Male) |
| 17:12 | Create | Villager (Male) |
| 17:12 | Create | Villager (Male) |
| 17:20 | Build | House |
| 17:22 | Create | Villager (Male) |
| 17:22 | Create | Villager (Male) |
| 17:27 | Create | Villager (Male) |
| 17:27 | Create | Villager (Male) |
| 17:29 | Create | Villager (Male) |
| 17:29 | Create | Villager (Male) |
| 17:37 | Build | Town Center |
| 17:41 | Create | Villager (Male) |
| 17:51 | Create | Villager (Male) |
| 17:52 | Build | House |
| 17:56 | Create | Villager (Male) |
| 17:56 | Create | Villager (Male) ×2 |
| 17:56 | Create | Villager (Male) |
| 18:06 | Create | Villager (Male) |
| 18:10 | Build | Farm |
| 18:12 | Build | Farm |
| 18:15 | Build | House |
| 18:18 | Create | Villager (Male) |
| 18:19 | Create | Villager (Male) |
| 18:22 | Create | Villager (Male) |
| 18:23 | Build | Farm |
| 18:26 | Create | Villager (Male) |
| 18:26 | Create | Villager (Male) |
| 18:34 | Create | Villager (Male) |
| 18:35 | Create | Villager (Male) |
| 18:43 | Build | House |
| 18:46 | Build | House |
| 18:47 | Build | House |
| 18:48 | Create | Villager (Male) |
| 18:48 | Create | Villager (Male) |
| 18:50 | Create | Villager (Male) |
| 18:51 | Create | Villager (Male) |
| 18:53 | Build | Farm |
| 18:54 | Create | Villager (Male) |
| 18:54 | Create | Villager (Male) |
| 18:58 | Create | Villager (Male) |
| 19:05 | Build | Town Center |
| 19:07 | Create | Villager (Male) |
| 19:11 | Build | Farm |
| 19:12 | Build | Farm |
| 19:13 | Create | Villager (Male) |
| 19:20 | Create | Villager (Male) |
| 19:20 | Create | Villager (Male) |
| 19:23 | Build | Farm |
| 19:24 | Create | Villager (Male) |
| 19:24 | Create | Villager (Male) |
| 19:24 | Create | Villager (Male) |
| 19:32 | Build | Farm |
| 19:34 | Create | Villager (Male) |
| 19:34 | Create | Villager (Male) |
| 19:40 | Create | Villager (Male) |
| 19:40 | Create | Villager (Male) |
| 19:48 | Create | Villager (Male) |
| 19:48 | Create | Villager (Male) |
| 19:54 | Build | Farm |
| 19:57 | Build | Farm |
| 20:00 | Build | Farm |
| 20:01 | Create | Villager (Male) ×3 |
| 20:08 | Research | Heavy Plow |
| 20:10 | Create | Villager (Male) |
| 20:10 | Create | Villager (Male) |
| 20:10 | Create | Villager (Male) |
| 20:12 | Build | House |
| 20:13 | Build | House |
| 20:15 | Create | Villager (Male) |
| 20:17 | Build | Farm |
| 20:20 | Build | Farm |
| 20:21 | Create | Villager (Male) |
| 20:24 | Create | Villager (Male) |
Build order — 47_chu_VOI_con
First 150 of 528 actions detected
| 0:01 | Create | Villager (Male) |
| 0:01 | Create | Villager (Male) |
| 0:02 | Create | Villager (Male) |
| 0:03 | Build | House |
| 0:05 | Build | House |
| 0:09 | Create | Villager (Male) |
| 0:09 | Create | Villager (Male) |
| 0:09 | Create | Villager (Male) |
| 1:24 | Create | Villager (Male) |
| 1:45 | Build | Lumber Camp |
| 1:49 | Create | Villager (Male) |
| 2:24 | Create | Villager (Male) |
| 2:24 | Create | Villager (Male) |
| 2:44 | Create | Villager (Male) |
| 3:00 | Build | House |
| 3:01 | Build | House |
| 3:13 | Create | Villager (Male) |
| 3:14 | Create | Villager (Male) |
| 3:42 | Create | Villager (Male) |
| 4:31 | Create | Villager (Male) |
| 4:49 | Build | Mill |
| 5:08 | Create | Villager (Male) |
| 5:38 | Create | Villager (Male) |
| 5:55 | Create | Villager (Male) |
| 6:10 | Create | Villager (Male) |
| 6:54 | Build | Mining Camp |
| 6:57 | Create | Villager (Male) |
| 7:03 | Build | Farm |
| 7:14 | Create | Villager (Male) |
| 7:48 | Create | Villager (Male) |
| 8:01 | Research | Feudal Age |
| 8:01 | Research | Feudal Age |
| 9:23 | Build | Farm |
| 9:54 | Build | House |
| 10:00 | Create | Villager (Male) |
| 10:31 | Age | Feudal Age |
| 10:33 | Build | Market |
| 10:38 | Build | Blacksmith |
| 10:41 | Create | Villager (Male) |
| 11:03 | Research | Double-Bit Axe |
| 11:23 | Build | House |
| 11:24 | Build | House |
| 11:28 | Research | Castle Age |
| 11:29 | Research | Castle Age |
| 12:27 | Build | Farm |
| 13:25 | Create | Villager (Male) |
| 13:25 | Create | Villager (Male) |
| 14:08 | Age | Castle Age |
| 14:10 | Build | Town Center |
| 14:11 | Create | Villager (Male) |
| 14:16 | Build | Town Center |
| 14:19 | Research | Bow Saw |
| 14:19 | Research | Bow Saw |
| 15:10 | Create | Villager (Male) |
| 15:15 | Build | Monastery |
| 15:24 | Create | Villager (Male) |
| 15:29 | Build | Farm |
| 15:42 | Create | Villager (Male) |
| 15:42 | Create | Villager (Male) |
| 15:42 | Create | Villager (Male) |
| 15:42 | Create | Villager (Male) |
| 15:43 | Create | Villager (Male) |
| 15:43 | Create | Villager (Male) |
| 15:49 | Build | Farm |
| 15:51 | Build | Farm |
| 15:55 | Build | Farm |
| 16:02 | Build | House |
| 16:04 | Create | Monk |
| 16:14 | Build | Farm |
| 16:17 | Create | Villager (Male) |
| 16:17 | Create | Villager (Male) |
| 16:25 | Build | Farm |
| 16:30 | Build | Farm |
| 16:41 | Build | House |
| 16:44 | Create | Monk |
| 16:47 | Create | Villager (Male) |
| 16:47 | Create | Villager (Male) |
| 17:00 | Create | Villager (Male) |
| 17:01 | Create | Villager (Male) |
| 17:05 | Build | Farm |
| 17:05 | Build | Farm |
| 17:05 | Build | Farm |
| 17:07 | Build | Farm |
| 17:10 | Build | House |
| 17:16 | Create | Villager (Male) |
| 17:16 | Create | Villager (Male) |
| 17:16 | Create | Villager (Male) |
| 17:18 | Build | Farm |
| 17:37 | Build | Farm |
| 17:40 | Create | Villager (Male) |
| 17:40 | Create | Villager (Male) |
| 17:43 | Build | House |
| 18:00 | Build | Farm |
| 18:08 | Create | Villager (Male) |
| 18:08 | Create | Villager (Male) |
| 18:09 | Create | Villager (Male) |
| 18:12 | Build | House |
| 18:22 | Create | Villager (Male) |
| 18:26 | Build | Farm |
| 18:34 | Create | Villager (Male) |
| 18:34 | Create | Villager (Male) |
| 18:36 | Build | Farm |
| 18:36 | Build | Farm |
| 18:37 | Build | Farm |
| 18:39 | Build | Farm |
| 18:46 | Build | House |
| 18:49 | Build | Farm |
| 18:51 | Build | Lumber Camp |
| 18:56 | Create | Villager (Male) |
| 18:56 | Create | Villager (Male) |
| 19:00 | Create | Villager (Male) |
| 19:02 | Build | Farm |
| 19:03 | Build | Farm |
| 19:03 | Build | Farm |
| 19:04 | Build | Farm |
| 19:05 | Build | Farm |
| 19:27 | Build | House |
| 19:34 | Create | Villager (Male) |
| 19:34 | Create | Villager (Male) |
| 19:43 | Create | Villager (Male) |
| 19:44 | Build | Farm |
| 19:47 | Create | Villager (Male) |
| 19:48 | Create | Villager (Male) |
| 19:48 | Create | Villager (Male) |
| 19:48 | Create | Villager (Male) |
| 19:48 | Create | Villager (Male) |
| 19:53 | Build | Lumber Camp |
| 19:56 | Build | House |
| 19:57 | Build | House |
| 20:09 | Research | Horse Collar |
| 20:09 | Research | Horse Collar |
| 20:15 | Build | Farm |
| 20:16 | Build | Farm |
| 20:25 | Research | Wheelbarrow |
| 20:26 | Research | Wheelbarrow |
| 20:26 | Create | Villager (Male) |
| 20:26 | Create | Villager (Male) |
| 20:35 | Create | Villager (Male) |
| 20:35 | Create | Villager (Male) |
| 20:53 | Create | Villager (Male) |
| 20:53 | Create | Villager (Male) |
| 20:54 | Create | Villager (Male) |
| 21:03 | Build | Farm |
| 21:04 | Build | Farm |
| 21:05 | Build | Farm |
| 21:08 | Build | Farm |
| 21:09 | Create | Villager (Male) |
| 21:09 | Create | Villager (Male) |
| 21:12 | Build | House |
| 21:13 | Create | Villager (Male) |
Build order — shenxu
First 150 of 844 actions detected
| 0:02 | Create | Villager (Male) |
| 0:03 | Build | House |
| 0:04 | Build | House |
| 0:11 | Create | Villager (Male) |
| 0:12 | Create | Villager (Male) |
| 0:12 | Create | Villager (Male) |
| 1:04 | Create | Villager (Male) |
| 1:34 | Create | Villager (Male) |
| 1:51 | Create | Villager (Male) |
| 2:11 | Build | Settlement |
| 2:24 | Create | Villager (Male) |
| 2:55 | Create | Villager (Male) |
| 3:35 | Create | Villager (Male) |
| 3:37 | Create | Villager (Male) |
| 4:18 | Create | Villager (Male) |
| 4:21 | Build | Settlement |
| 4:57 | Create | Villager (Male) |
| 5:02 | Create | Villager (Male) |
| 5:06 | Create | Villager (Male) |
| 5:26 | Create | Villager (Male) |
| 5:43 | Create | Villager (Male) |
| 6:57 | Create | Villager (Male) |
| 7:29 | Create | Villager (Male) |
| 7:35 | Build | Farm |
| 7:38 | Build | Farm |
| 7:55 | Build | Settlement |
| 7:57 | Create | Villager (Male) |
| 8:25 | Research | Feudal Age |
| 10:12 | Create | Villager (Male) |
| 10:35 | Age | Feudal Age |
| 10:39 | Build | Market |
| 10:41 | Build | Blacksmith |
| 10:51 | Create | Villager (Male) |
| 11:27 | Research | Castle Age |
| 11:29 | Research | Double-Bit Axe |
| 11:48 | Research | Horse Collar |
| 13:29 | Create | Villager (Male) |
| 13:45 | Build | Farm |
| 13:53 | Build | Farm |
| 13:56 | Build | Farm |
| 14:07 | Age | Castle Age |
| 14:10 | Build | Town Center |
| 14:12 | Build | Town Center |
| 14:16 | Research | Bow Saw |
| 14:28 | Create | Villager (Male) |
| 14:39 | Build | Farm |
| 14:40 | Build | Farm |
| 14:52 | Create | Villager (Male) |
| 15:12 | Create | Villager (Male) |
| 15:14 | Build | Farm |
| 15:27 | Create | Villager (Male) |
| 15:28 | Create | Villager (Male) |
| 15:33 | Create | Villager (Male) |
| 15:36 | Create | Villager (Male) |
| 15:43 | Build | Farm |
| 15:50 | Create | Villager (Male) |
| 15:52 | Create | Villager (Male) |
| 15:55 | Build | Farm |
| 16:01 | Create | Villager (Male) |
| 16:12 | Create | Villager (Male) |
| 16:16 | Build | Farm |
| 16:19 | Build | Farm |
| 16:24 | Create | Villager (Male) |
| 16:32 | Build | Farm |
| 16:36 | Build | Farm |
| 16:38 | Create | Villager (Male) |
| 16:46 | Build | Farm |
| 16:52 | Build | Farm |
| 16:54 | Create | Villager (Male) |
| 17:00 | Build | Farm |
| 17:02 | Build | Farm |
| 17:03 | Create | Villager (Male) |
| 17:07 | Build | House |
| 17:12 | Research | Wheelbarrow |
| 17:12 | Research | Wheelbarrow |
| 17:14 | Research | Loom |
| 17:14 | Research | Loom |
| 17:17 | Build | House |
| 17:23 | Create | Villager (Male) |
| 17:28 | Create | Villager (Male) |
| 17:29 | Create | Villager (Male) |
| 17:41 | Create | Villager (Male) |
| 17:48 | Build | Town Center |
| 17:51 | Build | House |
| 17:59 | Create | Villager (Male) |
| 18:03 | Create | Villager (Male) |
| 18:04 | Build | Farm |
| 18:09 | Create | Villager (Male) |
| 18:11 | Build | Farm |
| 18:19 | Create | Villager (Male) |
| 18:28 | Build | Farm |
| 18:29 | Build | Farm |
| 18:38 | Create | Villager (Male) |
| 18:39 | Create | Villager (Male) |
| 18:42 | Build | Farm |
| 18:43 | Build | Farm |
| 18:46 | Create | Villager (Male) |
| 18:54 | Create | Villager (Male) |
| 18:57 | Build | Farm |
| 18:58 | Build | Farm |
| 19:10 | Create | Villager (Male) |
| 19:11 | Create | Villager (Male) |
| 19:21 | Build | House |
| 19:30 | Create | Villager (Male) |
| 19:31 | Create | Villager (Male) |
| 19:32 | Build | Farm |
| 19:33 | Create | Villager (Male) |
| 19:34 | Create | Villager (Male) |
| 19:39 | Create | Villager (Male) |
| 19:42 | Build | Farm |
| 19:49 | Build | Farm |
| 19:50 | Create | Villager (Male) |
| 19:52 | Build | Farm |
| 19:59 | Build | House |
| 20:02 | Create | Villager (Male) |
| 20:05 | Create | Villager (Male) |
| 20:10 | Create | Villager (Male) |
| 20:11 | Create | Villager (Male) |
| 20:14 | Build | House |
| 20:17 | Create | Villager (Male) |
| 20:21 | Build | Farm |
| 20:25 | Create | Villager (Male) |
| 20:29 | Build | Farm |
| 20:32 | Build | Farm |
| 20:32 | Build | Farm |
| 20:35 | Create | Villager (Male) |
| 20:42 | Create | Villager (Male) |
| 20:46 | Build | Farm |
| 20:50 | Create | Villager (Male) |
| 20:52 | Build | Farm |
| 20:55 | Create | Villager (Male) |
| 20:57 | Build | House |
| 20:58 | Build | House |
| 21:02 | Create | Villager (Male) |
| 21:08 | Build | Town Center |
| 21:10 | Create | Villager (Male) |
| 21:19 | Create | Villager (Male) |
| 21:21 | Create | Villager (Male) |
| 21:29 | Build | Farm |
| 21:30 | Create | Villager (Male) |
| 21:37 | Create | Villager (Male) |
| 21:44 | Create | Villager (Male) |
| 21:44 | Create | Villager (Male) |
| 21:47 | Build | House |
| 21:58 | Research | Hand Cart |
| 21:58 | Create | Villager (Male) |
| 22:06 | Create | Villager (Male) |
| 22:08 | Create | Villager (Male) |
| 22:11 | Create | Villager (Male) |
| 22:11 | Create | Villager (Male) |
Match timeline
| 4:41 | zzzzz · wall_segment Palisade Wall x1 |
| 7:35 | 别西卜 · age_up feudal |
| 9:50 | OmegaJ256 · first_building Barracks |
| 10:31 | 47_chu_VOI_con · age_up feudal |
| 10:35 | shenxu · age_up feudal |
| 10:56 | PIGGY FOR AGE · age_up feudal |
| 10:58 | 小J · age_up feudal |
| 11:04 | Don't abandon the alliance. · age_up feudal |
| 11:23 | zzzzz · age_up feudal |
| 11:31 | OmegaJ256 · first_building Archery Range |
| 11:47 | PIGGY FOR AGE · first_market_sell 100 wood |
| 14:07 | shenxu · age_up castle |
| 14:08 | 47_chu_VOI_con · age_up castle |
| 14:15 | zzzzz · wall_segment Stone Wall x1 |
| 14:28 | PIGGY FOR AGE · age_up castle |
| 14:31 | 小J · age_up castle |
| 14:38 | PIGGY FOR AGE · first_building Barracks |
| 14:41 | 小J · first_building Monastery |
| 14:59 | Don't abandon the alliance. · age_up castle |
| 15:07 | zzzzz · age_up castle |
| 15:15 | 47_chu_VOI_con · first_building Monastery |
| 15:36 | 别西卜 · age_up castle |
| 17:11 | shenxu · first_market_buy 100 food |
| 17:38 | zzzzz · first_market_buy 100 food |
| 18:12 | zzzzz · first_building Castle |
| 18:31 | 别西卜 · first_market_buy 100 wood |
| 18:52 | zzzzz · first_building Monastery |
| 21:53 | 别西卜 · first_building Siege Workshop |
| 22:06 | OmegaJ256 · first_building Siege Workshop |
| 22:31 | PIGGY FOR AGE · first_building Siege Workshop |
| 24:15 | 别西卜 · first_market_sell 100 wood |
| 24:21 | Don't abandon the alliance. · wall_segment Palisade Wall x1 |
| 24:22 | Don't abandon the alliance. · wall_segment Palisade Wall x1 |
| 24:25 | shenxu · first_building Castle |
| 24:25 | 别西卜 · first_building Barracks |
| 24:40 | Don't abandon the alliance. · wall_segment Stone Wall x1 |
| 25:20 | shenxu · first_building Siege Workshop |
| 25:43 | PIGGY FOR AGE · first_building Castle |
| 25:43 | 别西卜 · first_building Archery Range |
| 25:45 | 小J · first_building Barracks |
| 25:52 | Don't abandon the alliance. · first_building Castle |
| 26:03 | zzzzz · first_market_sell 100 food |
| 26:05 | Don't abandon the alliance. · first_market_sell 500 food |
| 26:05 | 47_chu_VOI_con · first_building Castle |
| 26:12 | 47_chu_VOI_con · first_building Barracks |
| 26:29 | 别西卜 · age_up imperial |
| 26:35 | 小J · first_building Archery Range |
| 26:43 | zzzzz · first_building Barracks |
| 27:12 | shenxu · first_market_sell 100 food |
| 27:19 | zzzzz · first_building Stable |
| 27:29 | PIGGY FOR AGE · age_up imperial |
| 27:35 | PIGGY FOR AGE · first_building Monastery |
| 27:37 | 小J · first_building Castle |
| 27:47 | shenxu · first_building Barracks |
| 28:11 | 小J · age_up imperial |
| 28:15 | 47_chu_VOI_con · first_building Stable |
| 28:28 | 别西卜 · first_building Castle |
| 28:33 | 47_chu_VOI_con · age_up imperial |
| 28:37 | shenxu · first_building Archery Range |
| 28:48 | Don't abandon the alliance. · first_building Barracks |
| 29:15 | zzzzz · age_up imperial |
| 29:15 | shenxu · age_up imperial |
| 29:35 | Don't abandon the alliance. · first_building Stable |
| 29:59 | OmegaJ256 · first_market_sell 100 food |
| 30:40 | Don't abandon the alliance. · age_up imperial |
| 30:52 | Don't abandon the alliance. · first_building Archery Range |
| 32:12 | 47_chu_VOI_con · first_market_sell 500 wood |
| 32:58 | OmegaJ256 · resign |
| 33:48 | zzzzz · first_building Archery Range |
| 36:00 | PIGGY FOR AGE · wall_segment Stone Wall x1 |
| 36:01 | PIGGY FOR AGE · wall_segment Stone Wall x1 |
| 36:02 | PIGGY FOR AGE · wall_segment Stone Wall x1 |
| 36:06 | PIGGY FOR AGE · wall_segment Stone Wall x1 |
| 36:08 | PIGGY FOR AGE · wall_segment Stone Wall x1 |
| 37:37 | Don't abandon the alliance. · first_market_buy 100 stone |
| 39:28 | 47_chu_VOI_con · first_market_buy 100 wood |
| 41:05 | PIGGY FOR AGE · first_building Stable |
| 44:28 | 小J · first_market_sell 500 food |
| 50:28 | 47_chu_VOI_con · first_building Archery Range |
[ AI ANALYSIS · 1 CREDIT ]
What really happened in this match?
Wolo.gg analyzes every decision: build order, eco, micro, common mistakes by bracket. Personalized analysis on WhatsApp or Discord in 30 seconds.
Civ guide
Malay
Perfil
Jugador #22292025